 Dungeon Crawl Stone Soup version 0.32-a0-786-g3ef9c6c (webtiles) character file.

Game seed: 2236541347422639023

816 Dorkslayer the Sneak (level 7, -4/48 HPs)
             Began as an Octopode Fighter on Mar 19, 2024.
             Engulfed by a steam dragon's steam (19 damage)
             ... on level 6 of the Dungeon.
             The game lasted 00:08:14 (2673 turns).

Dorkslayer the Sneak (Octopode Fighter)             Turns: 2673, Time: 00:08:15

Health: -4/48      AC:  1    Str: 17    XL:     7   Next: 94%
Magic:  7/7        EV: 12    Int: 11    God:
Gold:   270        SH:  5    Dex: 11    Spells: 6/6 levels left

rFire   . . .        l - +2 war axe (heavy)
rCold   . . .        b - +1 buckler
rNeg    . . .        (helmet restricted)
rPois   .            (no amulet)
rElec   .            f - ring of willpower
rCorr   .            (no ring)
SInv    .            (no ring)
Will    +....        (no ring)
Stlth   ++++         (no ring)
HPRegen 0.28/turn    (no ring)
MPRegen 0.10/turn    (no ring)
                     (no ring)

%: no passive effects
@: no status effects
A: almost no armour, amphibious, 8 rings, camouflage 1, gelatinous body 1,
(nimble swimmer 1), tentacles
a: no special abilities


You were on level 6 of the Dungeon.
You visited 1 branch of the dungeon, and saw 6 of its levels.

You collected 270 gold pieces.

Inventory:

Hand Weapons
 a - a +0 war axe
 l - a +2 heavy war axe (weapon)
 r - a +2 demon whip of electrocution
Missiles
 d - a boomerang (quivered)
Armour
 b - a +1 buckler (worn)
Jewellery
 f - a ring of willpower (left tentacle)
Talismans
 m - a flux talisman
Wands
 h - a wand of flame (8)
 o - a wand of warping (8)
 t - a wand of light (9)
Scrolls
 k - a scroll of revelation
 q - a scroll of immolation {unknown}
 s - 3 scrolls of fog {unknown}
 u - a scroll of fear {unknown}
Potions
 c - a potion of might
 e - a potion of enlightenment
 g - a potion of invisibility
 i - 3 potions of brilliance
 j - a potion of heal wounds
 n - 3 potions of haste {unknown}
 p - a potion of lignification
 v - a potion of degeneration {unknown}


   Skills:
 + Level 4.2 Fighting
 + Level 4.7 Axes
 + Level 0.3 Throwing
 + Level 4.0 Dodging
 + Level 4.8 Stealth
 + Level 3.9 Shields
 * Level 3.2 Evocations
 * Level 2.1 Shapeshifting


You had 6 spell levels left.
You didn't know any spells.
Your spell library contained the following spells:

 Spells                   Type           Power      Damage    Failure   Level
 Cigotuvi's Dreadful Rot  Necr/Alch/Air  0%         N/A       56%         2
 Ignite Poison            Fire/Alch      0%         N/A       99%         4
 Freezing Cloud           Conj/Ice/Air   0%         6-21      100%        5


Dungeon Overview and Level Annotations

Branches:
Dungeon (6/15)
 Temple: D:4-7

Altars:
Gozag
Hepliaklqana
The Shining One


Innate Abilities, Weirdness & Mutations

You cannot wear most types of armour.
You are amphibious.
You can wear up to eight rings at the same time.
Your skin changes colour to match your surroundings (Stealth+).
Your rubbery body absorbs attacks. (AC +1, EV +1)
((You are camouflaged when in or above water. (Stealth+)))
You have tentacles for arms and can constrict up to eight enemies at once.


Message History

Found a scroll of identify and a scroll labelled QUPLUO GABA.
There is a stone staircase leading up here.
A steam dragon comes into view.
The helpless black bear fails to defend itself.
You slice the black bear!! You grab the black bear.
The black bear is almost dead.
You constrict the black bear.
You kill the black bear!
The helpless steam dragon fails to defend itself.
You hit the steam dragon. You squeeze the steam dragon.
The steam dragon is moderately wounded.
The steam dragon bites you! You block the steam dragon's attack.
The steam dragon misses you. The steam dragon closely misses you.
You hit the steam dragon.
You squeeze the steam dragon, but do no damage.
The steam dragon is moderately wounded.
The steam dragon breathes steam at you. The ball of steam hits you!!
The steam dragon bites you!
* * * LOW HITPOINT WARNING * * *
The steam dragon claws you.
* * * LOW HITPOINT WARNING * * *
You block the steam dragon's attack. The steam dragon misses you.
You feel much better. The steam dragon misses you.
The steam dragon claws you but does no damage.
The steam dragon closely misses you. You block the steam dragon's attack.
You hit the steam dragon but do no damage.
Your squeeze misses the steam dragon.
The steam dragon is moderately wounded.
The steam dragon bites you. The steam dragon claws you.
The steam dragon barely misses you. You block the steam dragon's attack.
You slash the steam dragon!
The steam dragon is almost dead.
The steam dragon breathes steam at you. The ball of steam misses you.
You block the steam dragon's attack. The steam dragon claws you.
The steam dragon bites you! The steam dragon barely misses you.
You hit the steam dragon but do no damage.
The steam dragon is almost dead.
You are engulfed in a cloud of scalding steam.
You die...

..... ....##
....?
#######....
#####...#....##
##D§.#...#.....#
#.@..#?........#
##.§§.....<.#
##...§§....##.##
###.†§..........
#####..#...#.#
#...##..# ##..#
.... #### ... #.


You could see a steam dragon.

Vanquished Creatures
  A black bear (D:6)
  2 ogres (D:5)
  A howler monkey (D:5)
  2 bombardier beetles
  2 hounds (D:5)
  3 iguanas
  Crazy Yiuf (D:5)
  Jessica (D:2)
  3 sleepcaps
  A gnoll (D:1)
  10 adders
  A white imp (D:5)
  2 dart slugs
  A ribbon worm (D:5)
  4 orcs
  5 ball pythons
  7 endoplasms
  3 giant cockroaches
  14 goblins
  5 hobgoblins
  3 jackals (D:3)
  7 kobolds
  2 quokkas (D:2)
  5 bats
  6 frilled lizards
  5 rats
97 creatures vanquished.

Notes
Turn   | Place    | Note
-------+----------+-------------------------------------------
     0 | D:1      | Dorkslayer the Octopode Fighter began the quest for the
                  | Orb.
     0 | D:1      | Reached XP level 1. HP: 16/16 MP: 1/1
    94 | D:1      | Reached XP level 2. HP: 6/21 MP: 2/2
   308 | D:1      | Reached XP level 3. HP: 23/26 MP: 3/3
   742 | D:2      | Reached skill level 1 in Stealth
   785 | D:2      | Noticed Jessica
   790 | D:2      | Killed Jessica
   791 | D:2      | Reached XP level 4. HP: 21/31 MP: 4/4
   859 | D:2      | Found a faded altar of an unknown god.
   955 | D:2      | Found an opulent altar of Gozag.
  1155 | D:3      | Reached XP level 5. HP: 32/37 MP: 5/5
  1293 | D:3      | Reached skill level 1 in Evocations
  1480 | D:4      | Reached XP level 6. HP: 43/43 MP: 6/6
  1978 | D:5      | Entered Level 5 of the Dungeon
  2023 | D:5      | Reached skill level 1 in Shapeshifting
  2051 | D:5      | Reached XP level 7. HP: 47/48 MP: 7/7
  2071 | D:5      | Found a glowing golden altar of the Shining One.
  2084 | D:5      | Found a hazy altar of Hepliaklqana.
  2549 | D:5      | Found a runed translucent door.
  2550 | D:5      | Noticed Crazy Yiuf
  2555 | D:5      | Killed Crazy Yiuf
  2657 | D:6      | Noticed a steam dragon
  2673 | D:6      | Engulfed by a steam dragon's steam

Illustrated notes

Levels and vault maps discovered:
D:1:      scummos_arrival_star, layout_loops_ring
D:2:      layout_rooms, basic_altar, ebering_ecumenical_altar_box, uniq_jessica
D:3:      layout_rooms
D:4:      layout_cave_pools
D:5:      layout_rooms, jmf_multi_god_temple2, kennysheep_nondescript,
          kennysheep_potato, uniq_crazy_yiuf_cottage
D:6:      layout_cave_pools, uniq_edmund, uniq_duvessa

Skill      XL: |  1  2  3  4  5  6  7 |
---------------+----------------------+-----
Stealth        | 1 2 3 4 |  4.8
Axes           | 3 4 |  4.7
Evocations     | 1 2 3 |  3.2
Fighting       | 4 |  4.2
Shapeshifting  | 1 2 |  2.1
Dodging        | 4 |  4.0
Throwing       | |  0.3
Shields        | |  3.9

Action                     |  1- 3 |  4- 6 |  7- 9 || total
---------------------------+-------+-------+-------++-------
  Melee: War axe           |    44 |    71 |    30 ||   145
         Tentacles         |     9 |    19 |     5 ||    33
         Constrict         |     9 |    22 |     9 ||    40
  Throw: Boomerang         |       |     2 |       ||     2
  Evoke: Wand              |       |     1 |       ||     1
    Use: Scroll            |       |     7 |     1 ||     8
         Potion            |       |       |     3 ||     3
   Stab: Sleeping          |     7 |     8 |     3 ||    18
         Distracted        |       |     1 |       ||     1
 Armour: Skin              |    17 |    36 |    22 ||    75
  Dodge: Dodged            |    19 |    33 |    24 ||    76
  Block: Buckler           |     3 |    16 |    13 ||    32

Table legend: (Time is in decaauts)
 A = Elapsed time spent in this place.
 B = Non-inter-level travel time spent in this place.
 C = Inter-level travel time spent in this place.
 D = Time resting spent in this place.
 E = Time spent auto-exploring this place.
 F = Levels seen in this place.
 G = Mean time per level.
                   A        B        C        D        E       F      G
               +--------+--------+--------+--------+--------+-----+--------+
         Total |   2772 |   2772 |      0 |      0 |   1329 |   6 |  462.0 |
       Dungeon |   2772 |   2772 |      0 |      0 |   1329 |   6 |  462.0 |
               +--------+--------+--------+--------+--------+-----+--------+

Top non-repeatable levels by time:
     D:1: 749 daAuts
     D:5: 709 daAuts
     D:4: 525 daAuts
     D:2: 385 daAuts
     D:3: 380 daAuts
     D:6: 22 daAuts
